Map: Ruins of Seras

Players

iGMacSed (MacSed) - Winner!

  • Race: Protoss Protoss

LiquidSnute (Snute)

  • Race: Zerg Zerg

Event: NationWars III

VOD

Have the link to the VOD?

Description

Time

  • Played on: Dec. 4, 2015, 3:53 p.m.
  • Length: 24:24

All games in this series

Show
View Real Time Build Order
Export as new Build Order

iGMacSed Protoss - Winner!

Build Orders:  

Get SALT Encoding   

  12  0:01  Probe (Chrono Boost)  
  13  0:11  Probe (Chrono Boost)  
  14  0:20  Pylon  
  14  0:23  Probe (Chrono Boost)  
  15  0:38  Probe (Chrono Boost)  
  16  0:48  Probe (Chrono Boost)  
  17  0:59  Probe (Chrono Boost)  
  18  1:06  Nexus  
  18  1:16  Gateway  
  18  1:18  Probe (Chrono Boost)  
  18  1:25  Assimilator  
  19  1:29  Probe (Chrono Boost)  
  19  1:32  Assimilator  
  21  1:40  Probe (Chrono Boost)  
  21  1:41  Pylon  
  21  1:50  Probe (Chrono Boost)  
  22  2:01  Probe (Chrono Boost)  
  23  2:05  Cybernetics Core  
  23  2:11  Probe (Chrono Boost)  
  26  2:18  Probe (Chrono Boost)  
  26  2:22  Probe (Chrono Boost)  
  28  2:29  Probe (Chrono Boost)  
  29  2:32  Probe (Chrono Boost)  
  28  2:39  Probe (Chrono Boost)  
  28  2:42  Probe (Chrono Boost), Warp Gate  
  28  2:43  Adept (Chrono Boost)  
  32  2:51  Mothership Core (Chrono Boost)  
  34  2:53  Probe (Chrono Boost)  
  35  3:04  Probe (Chrono Boost)  
  36  3:09  Probe (Chrono Boost)  
  36  3:10  Nexus  
  37  3:14  Probe (Chrono Boost), Pylon  
  37  3:15  Adept  
  41  3:20  Probe (Chrono Boost)  
  41  3:26  Probe (Chrono Boost)  
  42  3:30  Probe (Chrono Boost)  
  43  3:36  Robotics Facility  
  43  3:37  Probe (Chrono Boost)  
  43  3:41  Probe (Chrono Boost)  
  45  3:42  Adept  
  45  3:47  Probe (Chrono Boost), Pylon  
  48  3:51  Probe (Chrono Boost)  
  49  3:58  Probe (Chrono Boost)  
  49  4:01  Gateway  
  50  4:05  Gateway  
  50  4:06  Probe (Chrono Boost)  
  50  4:09  Probe (Chrono Boost), Adept  
  54  4:14  Gateway  
  54  4:17  Probe (Chrono Boost)  
  55  4:19  Probe (Chrono Boost)  
  55  4:20  Gateway  
  55  4:23  Probe (Chrono Boost), Warp Prism (Chrono Boost)  
  58  4:27  Probe  
  58  4:28  Probe  
  61  4:33  Probe  
  62  4:38  Gateway  
  62  4:40  Probe  
  62  4:44  Probe  
  63  4:46  Probe  
  63  4:48  Assimilator  
  63  4:49  Assimilator  
  65  4:53  Probe  
  65  4:55  Probe, Observer (Chrono Boost)  
  65  4:58  Probe  
  69  5:03  Pylon  
  69  5:05  Probe x2  
  70  5:08  Probe  
  68  5:17  Probe  
  68  5:18  Adept x4  
  68  5:19  Stargate  
  68  5:20  Stargate  
  77  5:25  Probe  
  78  5:33  Immortal (Chrono Boost)  
  78  5:34  Probe  
  83  5:36  Pylon  
  83  5:38  Pylon  
  83  5:39  Pylon  
  79  5:49  Adept x3  
  85  5:56  Probe  
  83  5:59  Probe  
  83  6:01  Sentry  
  83  6:02  Probe  
  80  6:04  Twilight Council  
  80  6:05  Assimilator  
  80  6:06  Phoenix  
  80  6:07  Probe, Immortal (Chrono Boost)  
  80  6:09  Assimilator  
  80  6:10  Zealot  
  80  6:11  Zealot  
  85  6:13  Probe  
  85  6:15  Probe  
  85  6:16  Pylon  
  85  6:17  Pylon  
  85  6:18  Phoenix  
  89  6:25  Pylon  
  89  6:27  Pylon  
  89  6:29  Forge  
  89  6:31  Forge  
  89  6:37  Zealot  
  89  6:38  Zealot x2  
  95  6:41  Immortal (Chrono Boost)  
  95  6:42  Phoenix  
  95  6:45  Charge (Chrono Boost)  
  101  6:52  Zealot x2  
  105  6:56  Gateway, Phoenix  
  105  6:57  Gateway  
  105  6:59  Protoss Ground Armor Level 1  
  105  7:00  Protoss Ground Weapons Level 1  
  107  7:07  Phoenix  
  107  7:08  Pylon  
  109  7:21  Immortal, Phoenix  
  115  7:28  Zealot x2  
  119  7:36  Phoenix  
  121  7:40  Probe  
  121  7:41  Pylon  
  122  7:46  Phoenix  
  122  7:51  Probe  
  125  7:53  Nexus  
  125  7:55  Templar Archives, Pylon  
  125  8:00  Pylon  
  125  8:02  Photon Cannon  
  125  8:05  Zealot  
  126  8:06  Zealot x3  
  132  8:14  Zealot x2  
  132  8:16  Immortal  
  140  8:20  Psionic Storm  
  140  8:26  Zealot x3  
  146  8:34  High Templar x3  
  148  8:36  Assimilator  
  148  8:39  Photon Cannon  
  148  8:40  Photon Cannon, High Templar  
  154  8:43  Photon Cannon  
  154  8:44  Gateway  
  154  8:48  Gateway  
  154  8:52  Zealot  
  154  8:53  Zealot x2  
  160  9:04  Immortal, Protoss Ground Weapons Level 2 (Chrono Boost)  
  160  9:07  Protoss Ground Armor Level 2 (Chrono Boost)  
  164  9:19  Assimilator  
  164  9:20  Zealot  
  164  9:21  Zealot  
  164  9:22  High Templar x2  
  172  9:26  Archon  
  172  9:30  Pylon  
  172  9:33  Pylon  
  172  9:43  Immortal  
  176  9:46  Fleet Beacon  
  176  9:50  High Templar  
  176  9:52  Photon Cannon  
  176  9:56  High Templar  
  172  10:22  Immortal  
  172  10:24  Gateway x2  
  176  10:30  Tempest x2 (Chrono Boost)  
  190  10:44  Pylon  
  190  10:49  Photon Cannon  
  188  10:50  Protoss Air Weapons Level 1  
  188  10:51  Dark Shrine  
  186  11:01  Immortal  
  188  11:10  Tempest x2 (Chrono Boost)  
  196  11:24  High Templar x2  
  200  11:32  Archon  
  191  11:41  Protoss Ground Weapons Level 3 (Chrono Boost)  
  191  11:42  Photon Cannon, Protoss Ground Armor Level 3 (Chrono Boost)  
  191  11:44  Photon Cannon  
  191  11:46  Observer  
  180  12:00  Photon Cannon  
  180  12:01  Pylon  
  180  12:04  Photon Cannon  
  180  12:06  Photon Cannon  
  180  12:07  Observer, Photon Cannon  
  181  12:10  Photon Cannon x2  
  181  12:14  Probe  
  179  12:20  Tempest x2 (Chrono Boost)  
  179  12:22  High Templar x2  
  191  12:32  Archon  
  191  12:35  Observer  
  192  12:38  Nexus  
  192  12:39  Pylon  
  188  12:48  Dark Templar  
  190  12:54  Dark Templar  
  191  12:59  Nexus  
  191  13:00  Pylon  
  191  13:04  Warp Prism (Chrono Boost), High Templar x2  
  196  13:14  Archon  
  196  13:15  High Templar  
  196  13:16  High Templar  
  196  13:21  Archon  
  196  13:24  Photon Cannon  
  196  13:26  Photon Cannon  
  194  13:27  Dark Templar  
  194  13:28  Photon Cannon  
  194  13:30  Photon Cannon  
  194  13:31  Dark Templar  
  194  13:32  Dark Templar, Photon Cannon  
  200  13:35  Assimilator  
  200  13:39  Assimilator  
  196  14:16  Protoss Shields Level 1  
  193  14:22  Dark Templar x5  
  193  14:29  Tempest  
  197  14:42  Photon Cannon  
  197  14:44  Pylon  
  197  14:46  Pylon  
  197  14:47  Photon Cannon  
  197  15:24  Gateway  
  197  15:25  Gateway, Photon Cannon  
  176  16:07  Stalker, Zealot, Archon  
  176  16:08  Zealot x7  
  176  16:09  Zealot x2  
  138  16:25  Void Ray x2 (Chrono Boost)  
  138  16:30  Zealot x9  
  138  16:31  Zealot  
  166  16:38  Zealot  
  96  16:54  High Templar x5  
  96  16:56  High Templar  
  96  17:00  Archon x2  
  96  17:01  High Templar x4, Archon  
  94  17:04  Void Ray (Chrono Boost)  
  104  17:10  Archon  
  104  17:11  Archon  
  104  17:12  High Templar x2  
  108  17:16  Blink  
  108  17:17  High Templar  
  108  17:21  Archon  
  106  17:27  High Templar  
  106  17:28  High Templar x2  
  112  17:31  Archon  
  112  17:33  Archon  
  112  17:39  Zealot  
  112  17:40  Zealot  
  112  17:42  High Templar  
  118  17:46  High Templar  
  118  17:50  Archon  
  120  17:58  Zealot x2  
  120  18:01  Observer  
  125  18:15  Zealot x2  
  129  18:22  Observer  
  129  18:25  High Templar x2  
  134  18:30  Stalker, Archon  
  136  18:35  Stalker  
  136  18:38  High Templar  
  140  18:41  High Templar  
  140  18:43  Observer  
  140  18:47  Archon  
  143  18:49  High Templar x3  
  143  18:50  High Templar  
  151  18:57  Archon x2  
  151  19:05  Observer  
  152  19:12  Zealot  
  154  19:18  Nexus  
  154  19:19  Zealot x3  
  154  19:20  Zealot  
  162  19:32  Zealot x3  
  162  19:38  Dark Templar x2  
  158  19:55  Dark Templar x3  
  164  20:03  Dark Templar  
  164  20:13  Zealot x4  
  172  20:17  Photon Cannon  
  170  20:25  Photon Cannon  
  170  20:26  Photon Cannon  
  170  20:28  Pylon  
  168  20:33  Zealot  
  170  20:45  Stalker x4  
  178  21:02  Photon Cannon  
  178  21:04  Photon Cannon  
  178  21:06  Photon Cannon  
  178  21:24  Assimilator  
  178  21:25  Assimilator  
  155  21:31  Zealot  
  155  21:32  Zealot x7  
  169  21:52  Observer (Chrono Boost)  
  143  22:11  High Templar x4  
  143  22:12  Observer (Chrono Boost), High Templar x2  
  143  22:13  Zealot x5  
  166  22:16  Archon  
  166  22:17  Archon x2  
  166  22:31  Observer (Chrono Boost)  
  166  22:32  Zealot x2  
  140  22:49  Void Ray  
  124  22:55  Void Ray  
  128  23:15  Zealot x10  
  128  23:16  Zealot x3  
  154  23:28  Void Ray  
  158  23:38  Void Ray  
  158  23:40  Stalker x2  
  158  23:41  Stalker x2  
  170  23:51  Nexus  
  170  23:52  Nexus  
  170  24:04  Pylon  
Show
View Real Time Build Order
Export as new Build Order

LiquidSnute Zerg 

Build Orders: 3 Hatch before Pool, Lurkers 

Get SALT Encoding   

  12  0:01  Drone  
  13  0:12  Overlord  
  13  0:18  Drone  
  14  0:31  Drone x2  
  14  0:34  Drone  
  17  0:53  Hatchery  
  17  0:56  Drone  
  17  1:00  Drone  
  18  1:21  Hatchery  
  17  1:34  Spawning Pool  
  17  1:37  Drone  
  17  1:41  Drone  
  17  1:44  Drone  
  19  1:48  Drone  
  20  1:59  Drone  
  21  2:05  Drone  
  22  2:10  Drone  
  24  2:15  Drone  
  24  2:20  Overlord  
  24  2:21  Queen  
  24  2:22  Queen  
  28  2:33  Zergling x2, Queen  
  28  2:36  Drone  
  32  2:37  Drone  
  32  2:39  Drone  
  32  2:43  Drone  
  35  2:45  Drone  
  35  2:48  Drone  
  37  2:53  Drone  
  37  2:57  Queen  
  40  3:03  Overlord  
  40  3:05  Queen  
  42  3:08  Extractor  
  42  3:09  Drone, Extractor  
  42  3:10  Drone  
  42  3:21  Overlord  
  42  3:22  Drone x3  
  42  3:23  Drone  
  42  3:25  Drone  
  46  3:27  Drone  
  46  3:28  Drone  
  46  3:30  Drone  
  49  3:40  Drone x3  
  49  3:41  Drone x4  
  56  3:49  Overlord, Spore Crawler  
  56  3:52  Drone x2  
  57  3:57  Lair  
  57  4:02  Overlord  
  57  4:07  Drone x5  
  57  4:08  Drone x2  
  64  4:10  Drone  
  65  4:17  Overlord  
  65  4:19  Extractor  
  65  4:20  Metabolic Boost, Extractor  
  65  4:22  Roach Warren  
  65  4:23  Drone  
  63  4:24  Drone x2  
  63  4:27  Drone  
  63  4:28  Drone  
  63  4:29  Drone  
  63  4:31  Extractor  
  67  4:32  Extractor  
  66  4:47  Zergling x6  
  66  4:48  Zergling x4  
  69  4:59  Spire  
  68  5:06  Roach x5  
  68  5:07  Roach x3  
  82  5:09  Drone  
  82  5:10  Overlord  
  82  5:13  Drone  
  82  5:17  Evolution Chamber  
  82  5:19  Overlord  
  81  5:25  Overlord  
  81  5:26  Drone  
  83  5:28  Drone  
  83  5:29  Drone x2, Hydralisk Den  
  83  5:30  Drone x2  
  83  5:32  Roach  
  83  5:35  Drone x2  
  90  5:39  Drone x2  
  90  5:40  Drone  
  92  5:47  Zergling x6  
  93  5:53  Zergling x2  
  93  5:54  Zergling x4  
  90  5:58  Drone  
  90  5:59  Zerg Melee Weapons Level 1  
  90  6:01  Drone x2  
  90  6:03  Drone  
  91  6:07  Drone x3  
  91  6:09  Drone  
  95  6:13  Drone x2  
  95  6:15  Drone  
  98  6:24  Lurker Den  
  98  6:25  Infestation Pit  
  97  6:26  Drone x3  
  97  6:28  Drone  
  97  6:29  Drone  
  97  6:30  Drone  
  97  6:31  Drone  
  104  6:33  Drone  
  104  6:34  Drone  
  104  6:38  Overlord  
  104  6:39  Overlord  
  106  6:53  Overlord x2  
  106  6:59  Hatchery  
  105  7:03  Hive  
  105  7:04  Hydralisk x3  
  105  7:05  Hydralisk  
  105  7:08  Overlord  
  113  7:16  Hydralisk x4  
  113  7:19  Spore Crawler  
  113  7:21  Spore Crawler  
  119  7:24  Drone x2  
  119  7:25  Drone  
  119  7:29  Drone x3  
  124  7:32  Overlord  
  124  7:33  Overlord x2  
  123  8:00  Zerg Melee Weapons Level 2  
  123  8:02  Evolution Chamber  
  123  8:05  Drone x9  
  129  8:06  Drone x2  
  129  8:08  Overlord  
  129  8:09  Extractor  
  132  8:18  Drone x3  
  132  8:19  Spire, Ultralisk Cavern  
  133  8:20  Hydralisk x4  
  133  8:25  Hydralisk x5  
  150  8:33  Zerg Ground Armor Level 1  
  150  8:38  Spore Crawler  
  149  8:43  Muscular Augments  
  149  8:44  Overlord x3  
  149  8:48  Viper x3  
  149  8:50  Overlord  
  149  8:51  Overlord  
  149  8:52  Greater Spire  
  159  9:01  Spore Crawler  
  158  9:09  Chitinous Plating  
  158  9:11  Ultralisk x3  
  182  9:26  Ultralisk  
  182  9:27  Ultralisk  
  188  9:40  Spine Crawler  
  188  9:41  Lurker x2, Spine Crawler x2  
  188  9:42  Lurker x2  
  188  9:43  Lurker  
  187  10:08  Extractor  
  187  10:15  Hatchery  
  186  10:22  Zerg Flyer Weapons Level 1, Corruptor x5  
  186  10:26  Extractor  
  186  10:27  Spore Crawler  
  194  10:28  Zerg Melee Weapons Level 3  
  194  10:29  Spine Crawler  
  194  10:30  Spine Crawler  
  194  10:32  Spine Crawler  
  194  10:34  Zergling x18  
  200  10:46  Spine Crawler  
  200  10:48  Adrenal Glands  
  198  10:50  Zerg Ground Armor Level 2  
  196  11:22  Spore Crawler  
  191  11:49  Spine Crawler  
  191  11:50  Drone x3, Spine Crawler  
  191  11:52  Spine Crawler  
  191  11:56  Corruptor x2  
  191  11:57  Corruptor x2  
  199  12:03  Spire  
  199  12:04  Pneumatized Carapace, Overseer  
  194  12:28  Extractor  
  194  12:29  Spore Crawler  
  192  12:31  Drone x7  
  198  12:38  Zerg Flyer Weapons Level 2  
  198  12:44  Overseer  
  198  12:47  Extractor  
  197  13:02  Overseer  
  197  13:07  Zerg Ground Armor Level 3  
  197  13:08  Zerg Missile Weapons Level 1  
  197  13:09  Overseer  
  197  13:16  Spine Crawler x2  
  197  13:18  Spine Crawler  
  194  13:30  Lurker x6  
  200  13:34  Spore Crawler  
  200  13:35  Spore Crawler  
  200  13:39  Drone x3, Spore Crawler  
  200  13:40  Spore Crawler  
  199  13:46  Spore Crawler  
  199  13:47  Spore Crawler  
  196  13:48  Spore Crawler  
  196  13:49  Spore Crawler x2  
  196  13:51  Spore Crawler  
  165  14:30  Viper  
  165  14:31  Viper  
  146  14:34  Corruptor x3  
  146  14:35  Corruptor x4  
  151  14:39  Corruptor x3  
  151  14:43  Drone x5, Queen x5  
  151  14:44  Overlord x2  
  172  14:49  Brood Lord x8  
  172  14:50  Corruptor x3  
  194  14:53  Zergling x8  
  194  14:54  Overlord  
  198  15:19  Zergling x8  
  195  15:50  Corruptor  
  195  15:51  Corruptor  
  166  16:06  Corruptor x3  
  166  16:07  Corruptor x11  
  165  16:14  Zergling x18  
  165  16:15  Zergling x34  
  154  16:25  Corruptor  
  154  16:26  Corruptor x3  
  154  16:30  Overseer  
  145  16:43  Drone, Corruptor  
  129  16:47  Corruptor x3  
  120  16:58  Zergling x4  
  120  16:59  Ultralisk  
  123  17:16  Spawning Pool  
  122  17:25  Lair  
  122  17:27  Spire  
  122  17:28  Infestation Pit  
  122  17:29  Drone x7  
  127  17:34  Drone x3  
  127  17:36  Spore Crawler  
  126  17:49  Hydralisk x4  
  131  18:22  Queen  
  135  18:40  Hatchery  
  132  18:48  Hydralisk Den  
  131  18:49  Queen  
  131  18:53  Zergling x2  
  131  18:54  Zergling x26  
  131  18:55  Zergling x2  
  148  18:58  Queen  
  150  19:22  Lurker Den  
  150  19:32  Zergling x4  
  150  19:33  Zergling x20  
  161  19:45  Zergling x4  
  138  20:12  Drone x3, Spawning Pool  
  138  20:13  Drone x2  
  138  20:25  Hydralisk x5  
  148  20:44  Hydralisk x4  
  148  20:46  Hatchery  
  153  20:52  Lurker x4  
  153  20:53  Lurker  
  158  21:02  Lair  
  159  21:08  Overlord x2  
  159  21:10  Lurker x4  
  162  21:13  Hatchery  
  143  21:28  Spore Crawler  
  143  21:31  Spore Crawler  
  141  21:43  Hydralisk x4  
  109  22:02  Drone x2, Infestation Pit  
  109  22:07  Spire  
  103  22:10  Hydralisk Den  
  102  22:26  Hatchery  
  102  22:28  Hatchery  
  47  22:51  Hydralisk x3  
  47  22:52  Hydralisk x2  
  51  22:58  Hydralisk  
  51  22:59  Hydralisk  
  51  23:00  Hydralisk  
  51  23:05  Hydralisk  
Tags
 
Add a new tag
Caveats
  • Supply blocks, unpowered buildings, or Contaminate may cause inaccurate times.
  • Supply counts are checked every 10 seconds.